 Dungeon Crawl Stone Soup version 0.18-a0-1273-g8ec5f8e (webtiles) character file.

96 M4edhros the Sneak (level 4, -3/28 HPs)
             Began as an Octopode Artificer on Feb 8, 2016.
             Slain by an orc wizard
             ... wielding a +0 dagger
              (4 damage)
             ... on level 3 of the Dungeon.
             The game lasted 00:01:29 (1868 turns).

M4edhros the Sneak (Octopode Artificer)             Turns: 1868, Time: 00:01:30

Health: -3/28      AC:  1    Str: 10    XL:     4   Next: 67%
Magic:  6/6        EV: 14    Int: 15    God:
Gold:   139        SH:  0    Dex: 18    Spells: 0 memorised, 3 levels left

rFire  . . .     SeeInvis .     a - +0 short sword
rCold  . . .     Gourm    .     (no shield)
rNeg   . . .     Faith    .     (helmet restricted)
rPois  .         Spirit   .     (no amulet)
rElec  .         Dismiss  .     j - +6 ring of dexterity
rCorr  .         Reflect  .     n - ring of teleportation (curse)
SustAt .         Harm     .     (no ring)
MR     .....     Rnd*Tele +     (no ring)
Stlth  ++++......               (no ring)
                                (no ring)
                                (no ring)
                                (no ring)

@: not resistant to hostile enchantments, stealthy
A: almost no armour, amphibious, 8 rings, constrict 8, camouflage 1, gelatinous
body 1
a: no special abilities


You were on level 3 of the Dungeon.
You were not hungry.

You visited 1 branch of the dungeon, and saw 3 of its levels.

You collected 139 gold pieces.

Inventory:

Hand Weapons
 a - a +0 short sword (weapon)
Jewellery
 j - a +6 ring of dexterity (left tentacle)
 n - a cursed ring of teleportation (right tentacle)
Wands
 b - a wand of flame (15/48)
 c - a wand of enslavement (15/24)
 d - a wand of random effects (15/48)
Scrolls
 e - a scroll of remove curse {unknown}
 g - 5 scrolls of identify {unknown}
 h - 2 scrolls of blinking {unknown}
 i - a scroll of enchant armour {unknown}
 k - 2 scrolls of fear {unknown}
 m - a scroll of recharging {unknown}
Potions
 l - a potion of flight {unknown}
 o - a potion of agility {unknown}
Comestibles
 f - 2 bread rations
 q - a meat ration


   Skills:
 - Level 1.0 Fighting
 - Level 1.0 Short Blades
 * Level 3.2 Dodging
 * Level 4.3 Stealth
 + Level 3.8 Evocations


You had 3 spell levels left.
You didn't know any spells.

Dungeon Overview and Level Annotations

Branches:
Dungeon (3/15)

Altars:
Pakellas


Innate Abilities, Weirdness & Mutations

You cannot wear most types of armour.
You are amphibious.
You can wear up to eight rings at the same time.
You can use your tentacles to constrict eight enemies at once.
Your skin changes colour to match your surroundings (Stealth).
Your rubbery body absorbs attacks (AC +1).


Message History

You constrict the orc wizard. The orc wizard hits you with a dagger.
The orc wizard closely misses you.
You hit the orc wizard.
The orc wizard is moderately wounded.
You constrict the orc wizard. The orc wizard hits you with a dagger.
You hit the orc wizard. Your squeeze misses the orc wizard.
The orc wizard is heavily wounded.
You constrict the orc wizard. The orc wizard misses you.
The orc wizard barely misses you.
You completely miss the orc wizard.
The orc wizard is heavily wounded.
You constrict the orc wizard. The orc wizard closely misses you.
You completely miss the orc wizard.
The orc wizard is severely wounded.
You constrict the orc wizard.
The orc wizard gestures at you while chanting.
The puff of flame hits you!
* * * LOW HITPOINT WARNING * * *
The orc wizard hits you with a dagger.
You die...

..).......#.#...# #
#..####
###...........#.# .#
#......
#...........#.# .#
###(#####
#...........#.# .#
#........
#...........#.# .#
#........
###.....###.#.# .# #
####.#### #.#####
#.#.# .##.#.#........
#.###
#.#.##o.....#.##.####
#...# #.#.@oS...#
#.#...<.. ####...#
#.######### #.#######
#......# #.# #.#
#.... #....### #.# #.
#.# #.### #....#
#.###.#######.###.###
#....#
#..........##.#......
#....#
#...........#.#.#.###
#....#
#...........#.#.#.###
#....#
#...........#.#.#....


You could see an orc wizard, an adder and an orc.

Vanquished Creatures
  3 adders
  2 oozes
  A worm (D:2)
  2 giant geckos
  8 orcs (D:3)
  A ball python (D:1)
  3 giant cockroaches
  4 goblins
  4 hobgoblins
  7 kobolds
  A quokka (D:2)
  5 bats
  2 giant newts (D:1)
  5 rats
48 creatures vanquished.

Notes
Turn   | Place    | Note
--------------------------------------------------------------
     0 | D:1      | M4edhros the Octopode Artificer began the quest for the Orb.
     0 | D:1      | Reached XP level 1. HP: 13/13 MP: 3/3
   144 | D:1      | Reached XP level 2. HP: 15/18 MP: 4/4
   509 | D:1      | Reached XP level 3. HP: 14/23 MP: 5/5
  1035 | D:2      | Found an oddly glowing altar of Pakellas.
  1201 | D:2      | Reached XP level 4. HP: 28/28 MP: 6/6
  1531 | D:3      | Reached skill level 4 in Stealth
  1868 | D:3      | HP: 1/28 [orc wizard/puff of flame (9)]
  1868 | D:3      | Slain by an orc wizard

Vault maps used:
D:1:      mainiacjoe_arrival_reflecting_pool
D:2:      grunt_pakellas_mercury

Action                   |  1- 3 |  4- 6 || total
-------------------------+-------+-------++-------
Melee: Short sword       |    61 |    35 ||    96
 Stab: Sleeping          |    15 |     3 ||    18
  Eat: Chunk             |       |     3 ||     3
